 Dungeon Crawl Stone Soup version 0.30.1-3-gfc49f6343a (webtiles) character file.

Game seed: 5042499484255061948

18 GeoRichter the Vexing (level 2, 4/16 HPs)
             Began as a Deep Elf Hexslinger on July 26, 2023.
             Quit the game on level 2 of the Dungeon.
             The game lasted 00:01:11 (1009 turns).

GeoRichter the Vexing (Deep Elf Hexslinger)         Turns: 1009, Time: 00:01:12

Health: 4/16       AC:  2    Str:  7    XL:     2   Next: 51%
Magic:  6/6        EV: 12    Int: 17    God:
Gold:   64         SH:  0    Dex: 15    Spells: 3/4 levels left

rFire   . . .        a - +1 sling
rCold   . . .        (no shield)
rNeg    . . .        c - +0 robe
rPois   .            (no helmet)
rElec   .            (no cloak)
rCorr   .            (no gloves)
SInv    .            (no boots)
Will    .....        (no amulet)
Stlth   +            (no ring)
HPRegen 0.22/turn    (no ring)
MPRegen 0.10/turn

%: no passive effects
@: no status effects
A: no striking features
a: no special abilities


You were on level 2 of the Dungeon.
You visited 1 branch of the dungeon, and saw 2 of its levels.

You collected 64 gold pieces.

Inventory:

Hand Weapons
 a - a +1 sling (weapon)
Armour
 c - a +0 robe (worn)
Scrolls
 b - a scroll of poison {!r}
 d - a scroll of identify {@r1}


   Skills:
 - Level 0.7 Fighting
 * Level 3.8 Ranged Weapons
 - Level 2.4 Dodging
 - Level 1.5 Spellcasting
 + Level 4.4 Hexes


You had 3 spell levels left.
You knew the following spells:

 Your Spells              Type           Power      Damage    Failure   Level
a - Slow                  Hex            64%        N/A       3%          1

Your spell library contained the following spells:

 Spells                   Type           Power      Damage    Failure   Level
 Tukima's Dance           Hex            16%        N/A       10%         3
 Magic Dart               Conj           4%         1d3       21%         1
 Inner Flame              Hex/Fire       8%         N/A       24%         3
 Portal Projectile        Hex/Tloc       16%        N/A       24%         3
 Call Imp                 Summ           2%         N/A       30%         2
 Mephitic Cloud           Conj/Pois/Air  1%         N/A       52%         3
 Cause Fear               Hex            8%         N/A       32%         4
 Blade Hands              Tmut           0%         N/A       99%         5


Dungeon Overview and Level Annotations

Branches:
Dungeon (2/15) Zot: 10978

Altars:


Message History

The sling bullet barely misses the jackal.
The jackal bites you but does no damage.
The jackal barely misses you. The endoplasm hits you.
You shoot a sling bullet.
The sling bullet hits the jackal but does no damage.
The jackal is severely wounded.
The jackal barely misses you. The endoplasm freezes you.
You are frozen.
The jackal bites you.
* * * LOW HITPOINT WARNING * * *
Fire: a) +1 sling
Press: ? - help, Q - select action, (/) - cycle Shift-Dir - straight line, f/p - jackal
Aim: a jackal (severely wounded, 50% to hit)
You shoot a sling bullet. The sling bullet hits the jackal.
You kill the jackal!
The endoplasm hits you.
* * * LOW HITPOINT WARNING * * *
Fire: a) +1 sling
Press: ? - help, Q - select action, (/) - cycle Shift-Dir - straight line, f - endoplasm
Aim: an endoplasm (85% to hit)
You shoot a sling bullet. The sling bullet hits the endoplasm.
The endoplasm is moderately wounded.
The endoplasm freezes you.
You are frozen.
* * * LOW HITPOINT WARNING * * *
Casting: Slow (safe; 3% risk of failure)
Confirm with . or Enter, or press ? or * to list all spells.
Aiming: Slow (safe; 3% risk of failure)
Press: ? - help, Shift-Dir - straight line, f/p - endoplasm
Aim: an endoplasm (moderately wounded, chance to affect: 67%)
The endoplasm seems to slow down.
The endoplasm hits you.
* * * LOW HITPOINT WARNING * * *
A jackal comes into view.
A jackal comes into view.
The jackal barks!
Found 2 scrolls labelled NUIGREEFAW.
The jackal closely misses you. The jackal attacks as you move away!
The jackal bites you but does no damage.
Found a scale mail.
The endoplasm is no longer moving slowly.
The jackal attacks as you move away!
The jackal bites you but does no damage.
Okay, then.
You aren't carrying any potions.
Autopickup is now off.
Saving game... please wait.
Welcome back, GeoRichter the Deep Elf Hexslinger.
Press ? for a list of commands and other information.
Are you sure you want to abandon this character and quit the game? (Confirm with "yes".)

..# ##...#.. #
#..###.....## #.
#........... ##.#
#.#.......###
#...##.#..........
#...............###
#.......h...###....
#...##.####h.......
# . #..J@h....?###
#. #..###.....#
#.##..# .......#
#..#.## ........# ##
#....#.........#
##...#†.<#[.........
#........#.........#
.........# .......
.....?...#


You could see an endoplasm and 2 jackals.

Vanquished Creatures
  A ball python (D:1)
  A giant cockroach (D:1)
  A goblin (D:1)
  3 jackals
  A quokka (D:1)
  A bat (D:1)
  6 kobolds (D:1)
  4 rats (D:1)
18 creatures vanquished.

Notes
Turn   | Place    | Note
-------+----------+-------------------------------------------
     0 | D:1      | GeoRichter the Deep Elf Hexslinger began the quest for the
                  | Orb.
     0 | D:1      | Reached XP level 1. HP: 11/11 MP: 5/5
   352 | D:1      | Reached XP level 2. HP: 16/16 MP: 6/6
  1009 | D:2      | Quit the game

Illustrated notes

Levels and vault maps discovered:
D:1:      minmay_arrival_cross, layout_loops_corners
D:2:      layout_rooms, shapermc_ecumenical_altar_petra,
          small_statue_intersection

Skill      XL: |  1 |
---------------+----+-----
Ranged Weapons | 3 |  3.8
Fighting       | |  0.7
Dodging        | |  2.4
Spellcasting   | |  1.5
Hexes          | |  4.4

Action                     || total
---------------------------++-------
   Fire: Sling             ||    57
   Cast: Slow              ||     7
    Use: Scroll            ||     1
 Armour: Robe              ||     6
  Dodge: Dodged            ||    15
